cohdb
Replays
Latest Replays
All Replays
Popular Replays
Top Player Replays
Match Explorer
How It Works
Community
CoH3 Stats
Reddit
Sign in to upload your games and track your stats! →
Sign in with Steam
Match 45355367
Unlisted
Match 45355367
Overview
Messages
Build Orders
End
Pioneer Squad
Construct Infanterie Kompanie
Grenadier Squad
Grenadier Squad
MG 42 Machine Gun Team
Selects Terror Battlegroup
Selects Machine Gun Camouflage
Construct Luftwaffe Kompanie
Flak 30 Anti-aircraft Gun Team
Jäger Squad
Jäger Squad
Support Elements
Jäger Squad
Wirbelwind Flakpanzer
Marder III M Tank Destroyer
Medical Bunker
Luftwaffe Officer Quarters
Selects No Quarter
Selects Interrogate
[14e]tuveuxdugateaux
Carecup
Czoppo.
water
Svenious Jakobus (GB)
natynate
PlammX
A-Kai
0
0
Comments
sign in to comment!
No comments posted yet!